 Dungeon Crawl Stone Soup version 0.22-a0-570-g58866f5 (webtiles) character file.

123 kae the Firebug (level 5, -4/28 HPs)
             Began as a Tengu Fire Elementalist on June 30, 2018.
             Slain by Terence
             ... wielding a +0 flail
              (9 damage)
             ... on level 2 of the Dungeon.
             The game lasted 00:01:38 (1419 turns).

kae the Firebug (Tengu Fire Elementalist)           Turns: 1419, Time: 00:01:39

Health: -4/28      AC:  2    Str:  8    XL:     5   Next: 7%
Magic:  1/10       EV: 12    Int: 17    God:
Gold:   69         SH:  0    Dex: 14    Spells: 3/9 levels left

rFire    . . .     SeeInvis .   f - +1 spear (pierce)
rCold    . . .     Gourm    .   (no shield)
rNeg     . . .     Faith    .   a - +0 robe
rPois    .         Spirit   .   (helmet restricted)
rElec    .         Reflect  .   (no cloak)
rCorr    .         Harm     .   (no gloves)
MR       .....                  (boots unavailable)
Stlth    ++........             (no amulet)
HPRegen  0.09/turn              (no ring)
MPRegen  0.12/turn              (no ring)

@: no status effects
A: beak, talons 3, able to fly 1
a: Fly


You were on level 2 of the Dungeon.
You were very hungry.

You visited 1 branch of the dungeon, and saw 2 of its levels.

You collected 69 gold pieces.

Inventory:

Hand Weapons
 f - a +1 spear of piercing (weapon)
Armour
 a - a +0 robe (worn)
Jewellery
 d - a +3 ring of evasion {unknown}
Scrolls
 b - 2 scrolls of teleportation {unknown}
 h - 2 scrolls of identify {unknown}
 i - a scroll of amnesia {unknown}
 j - a scroll of immolation {unknown}
Potions
 e - 2 potions of curing {unknown}
Comestibles
 c - 4 rations


   Skills:
 - Level 2.1 Dodging
 - Level 2.0 Stealth
 + Level 2.8 Spellcasting
 + Level 3.2 Conjurations
 * Level 4.9 Fire Magic


You had 3 spell levels left.
You knew the following spells:

 Your Spells              Type           Power        Failure   Level  Hunger
a - Flame Tongue          Conj/Fire      ###..        3%          1    #......
b - Throw Flame           Conj/Fire      ###...       4%          2    ##.....
c - Conjure Flame         Conj/Fire      ###.....     10%         3    ###....

Your spell library contained the following spells:

 Spells                   Type           Power        Failure   Level  Hunger
 Fireball                 Conj/Fire      ###.......   65%         5    ######.
 Sticky Flame             Conj/Fire      ###.....     32%         4    #####..
 Inner Flame              Hex/Fire       ##......     19%         3    ###....


Dungeon Overview and Level Annotations

Branches:
Dungeon (2/15)

Altars:

Annotations:
D:2 Terence


Innate Abilities, Weirdness & Mutations

You have a beak for a mouth.
You have claws for feet.
You can fly.


Message History

The flame tongue hits Terence.
Terence is severely wounded.
Terence closely misses you.
Casting: Flame Tongue (safe; 3% risk of failure)
Confirm with . or Enter, or press ? or * to list all spells.
You don't have enough magic to cast that spell.
Casting: Flame Tongue (safe; 3% risk of failure)
Confirm with . or Enter, or press ? or * to list all spells.
You don't have enough magic to cast that spell.
Casting: Flame Tongue (safe; 3% risk of failure)
Confirm with . or Enter, or press ? or * to list all spells.
Aiming: Flame Tongue (safe; 3% risk of failure)
Press: ? - help, Shift-Dir - straight line, f/p - Terence
Aim: Terence, wielding a flail and wearing a scale mail (severely wounded)
The flame tongue hits Terence.
Terence appears unharmed.
Terence is severely wounded.
Terence hits you with a flail!
* * * LOW HITPOINT WARNING * * *
Terence hits you with a flail!
You die...

### ..# #.# #.# #########
####.###.......# ###### #
#......#.#...#.# #.....
#.###.##<#.@@......# #.####
#........###.#.....####.####
##.##..####
#.##............# #..(...#
#.###..>####.##.# #.##...#
#.####..# #.#... #......##
#.......# #.#... #.#.....#
######.## #..... #...##..#
#'# ###### ###.#...# #...# #


You could see Terence.

Vanquished Creatures
  Natasha (twice) (D:2)
  5 adders
  A worm (D:2)
  A dart slug (D:1)
  A leopard gecko (D:1)
  3 bats (D:1)
  2 giant cockroaches (D:2)
  A goblin (D:1)
  3 hobgoblins
  5 kobolds
  A ball python (D:1)
  A frilled lizard (D:2)
  A rat (D:2)
27 creatures vanquished.

Notes
Turn   | Place    | Note
-------+----------+-------------------------------------------
     0 | D:1      | kae the Tengu Fire Elementalist began the quest for the Orb.
     0 | D:1      | Reached XP level 1. HP: 10/10 MP: 4/4
   122 | D:1      | Reached XP level 2. HP: 15/15 MP: 0/6
   415 | D:1      | You fall through a shaft!
   517 | D:2      | Reached skill level 4 in Fire Magic
   517 | D:2      | Reached XP level 3. HP: 17/19 MP: 4/7
   546 | D:2      | Learned a level 2 spell: Throw Flame
   550 | D:2      | Learned a level 3 spell: Conjure Flame
   701 | D:2      | Noticed Terence
   920 | D:2      | Reached XP level 4. HP: 21/24 MP: 4/8
  1093 | D:2      | Noticed Natasha
  1100 | D:2      | Killed Natasha
  1112 | D:2      | Noticed Natasha
  1118 | D:2      | Killed Natasha
  1355 | D:2      | Gained mutation: You can fly. [Tengu growth]
  1355 | D:2      | Reached XP level 5. HP: 28/28 MP: 3/10
  1419 | D:2      | Slain by Terence

Vault maps used:
D:1:      dpeg_arrival_concentric_ovals
D:2:      lemuel_round_altar, minmay_domino_2, uniq_terence, uniq_natasha

Skill      XL: |  1  2  3  4 |
---------------+-------------+-----
Conjurations   | 2 3 |  3.2
Fire Magic     | 4 |  4.9
Dodging        | |  2.1
Stealth        | |  2.0
Spellcasting   | |  2.8

Action                   |  1- 3 |  4- 6 || total
-------------------------+-------+-------++-------
Melee: Spear             |    10 |     8 ||    18
       Kick              |     2 |     1 ||     3
 Cast: Flame Tongue      |    38 |    25 ||    63
       Throw Flame       |     1 |     2 ||     3
       Conjure Flame     |       |     1 ||     1
  Eat: Chunk             |       |     1 ||     1
Armor: Robe              |     6 |       ||     6
Dodge: Dodged            |    20 |     4 ||    24

Table legend:
 A = Spawn XP
 B = Non-spawn XP
 C = Spawn XP percentage of total XP
 D = Spawn monster count
 E = Non-spawn monster count
 F = Spawn count percentage of total count
 G = Total turns spent on level
                    A         B        C        D         E        F      G
               +---------+---------+-------+---------+---------+-------+---------
         Total |       0 |     177 |   0.0 |       0 |      27 |   0.0 |  1419
               +---------+---------+-------+---------+---------+-------+---------
           D:1 |       0 |      35 |   0.0 |       0 |      12 |   0.0 |   546
           D:2 |       0 |     142 |   0.0 |       0 |      15 |   0.0 |   873
               +---------+---------+-------+---------+---------+-------+---------
